 Dungeon Crawl Stone Soup version 0.32-a0-20-ge526923d97 (webtiles) character file.

Game seed: 10820368824780670364

27 Newt the Shooter (level 3, 0/24 HPs)
             Began as a Kobold Hunter on Jan 17, 2024.
             Slain by a hobgoblin (2 damage)
             ... led by Robin
             ... on level 1 of the Dungeon.
             The game lasted 00:01:19 (703 turns).

Newt the Shooter (Kobold Hunter)                     Turns: 703, Time: 00:01:20

Health: 0/24       AC:  3    Str:  8    XL:     3   Next: 25%
Magic:  3/3        EV: 14    Int: 10    God:
Gold:   108        SH:  0    Dex: 20    Spells: 2/2 levels left

rFire   . . .        a - +0 shortbow
rCold   . . .        (shield currently unavailable)
rNeg    . . .        c - +0 leather armour
rPois   .            (no helmet)
rElec   .            (no cloak)
rCorr   .            (no gloves)
SInv    .            (no boots)
Will    .....        (no amulet)
Stlth   +++          (no ring)
HPRegen 0.24/turn    (no ring)
MPRegen 0.08/turn

%: no passive effects
@: no status effects
A: small, no large weapons, nightstalker 3
a: no special abilities


You were on level 1 of the Dungeon.
You visited 1 branch of the dungeon, and saw 2 of its levels.

You collected 108 gold pieces.

Inventory:

Hand Weapons
 a - a +0 shortbow (weapon)
Armour
 c - a +0 leather armour (worn)
Jewellery
 f - an amulet of magic regeneration
Scrolls
 b - a scroll of butterflies
 d - a scroll of vulnerability {unknown}
 g - a scroll of torment {unknown}
 h - a scroll of enchant weapon {unknown}
 i - a scroll of immolation {unknown}
 j - a scroll of blinking {unknown}
Potions
 e - a potion of curing {unknown}
 k - a potion of ambrosia {unknown}


   Skills:
 + Level 3.8 Fighting
 - Level 5.3 Ranged Weapons
 - Level 2.4 Dodging
 - Level 1.3 Stealth


You had 2 spell levels left.
You didn't know any spells.
Your spell library was empty.

Dungeon Overview and Level Annotations

Branches:
Dungeon (2/15)

Altars:

Annotations:
D:2 Robin


Innate Abilities, Weirdness & Mutations

You are small and have problems with some larger weapons.
You are completely attuned to the shadows.


Message History

The goblin hits you with a +0 club.
You shoot an arrow. The arrow hits the goblin.
You kill the goblin!
A hobgoblin comes into view.
A goblin comes into view. It is wielding a +0 dagger.
The hobgoblin misses you.
Unknown command.
Unknown command.
You shoot an arrow.
The arrow hits the hobgoblin but does no damage.
The hobgoblin is severely wounded.
The hobgoblin closely misses you. The hobgoblin hits you.
Unknown command.
Unknown command.
Robin throws the goblin at you! The goblin hits you with a +0 dagger.
The hobgoblin closely misses you. The goblin hits you with a +0 dagger.
The hobgoblin hits you.
You climb upwards.
There is a stone staircase leading down here.
Unknown command.
Unknown command.
You shoot an arrow. The arrow barely misses the hobgoblin.
The hobgoblin misses you. The hobgoblin completely misses you.
The goblin hits you but does no damage.
Unknown command.
You shoot an arrow. The arrow hits the hobgoblin!
You kill the hobgoblin!
The hobgoblin misses you. The goblin hits you with a +0 dagger.
Unknown command.
You shoot an arrow. The arrow hits the goblin.
The goblin is moderately wounded.
The hobgoblin misses you. The goblin hits you but does no damage.
The hobgoblin hits you.
* * * LOW HITPOINT WARNING * * *
The goblin hits you but does no damage.
Unknown command.
You shoot an arrow. The arrow hits the goblin!
You kill the goblin!
The hobgoblin hits you.
You die...

###########
####@).......##
###..g..#####...#
#...###.######..#######
#.................)....
#..####'####.#.#.######
#..#.......#...#...####
#..#.......#...###.#...
#..#..♣'♣..#...'..(....
##.#..♣_♣..#.).###.#.#.


You could see a hobgoblin (strong).

Vanquished Creatures
  2 dart slugs (D:1)
  2 ball pythons (D:1)
  An endoplasm (D:1)
  A giant cockroach (D:1)
  A hobgoblin (D:1)
  2 bats (D:1)
  2 frilled lizards (D:1)
  6 goblins
  4 kobolds (D:1)
  3 rats (D:1)
24 creatures vanquished.

Notes
Turn   | Place    | Note
-------+----------+-------------------------------------------
     0 | D:1      | Newt the Kobold Hunter began the quest for the Orb.
     0 | D:1      | Reached XP level 1. HP: 12/12 MP: 1/1
    85 | D:1      | Found a faded altar of an unknown god.
   157 | D:1      | Reached XP level 2. HP: 18/18 MP: 2/2
   472 | D:1      | Reached XP level 3. HP: 23/23 MP: 3/3
   692 | D:2      | Noticed Robin
   703 | D:1      | Slain by a hobgoblin

Illustrated notes

Levels and vault maps discovered:
D:1:      dpeg_arrival_yet_another_circle, layout_basic,
          hellmonk_ecumenical_altar_inner_sanctum
D:2:      layout_basic, st_stairs_2, uniq_robin

Skill      XL: |  1  2 |
---------------+-------+-----
Fighting       | 3 |  3.8
Ranged Weapons | |  5.3
Dodging        | |  2.4
Stealth        | |  1.3

Action                     || total
---------------------------++-------
   Fire: Shortbow          ||    53
 Armour: Leather armour    ||    16
  Dodge: Dodged            ||    18

Table legend: (Time is in decaauts)
 A = Elapsed time spent in this place.
 B = Non-inter-level travel time spent in this place.
 C = Inter-level travel time spent in this place.
 D = Time resting spent in this place.
 E = Time spent auto-exploring this place.
 F = Levels seen in this place.
 G = Mean time per level.
                   A        B        C        D        E       F      G
               +--------+--------+--------+--------+--------+-----+--------+
         Total |    711 |    675 |     36 |      0 |    567 |   2 |  355.5 |
       Dungeon |    711 |    675 |     36 |      0 |    567 |   2 |  355.5 |
               +--------+--------+--------+--------+--------+-----+--------+

Top non-repeatable levels by time:
     D:1: 704 daAuts
     D:2: 7 daAuts
